 Dungeon Crawl Stone Soup version 0.20.1-1-g8b1a95d (webtiles) character file.

16 Ijustatesigmund the Sneak (level 2, 0/18 HPs)
             Began as a Kobold Assassin on Sept 14, 2017.
             Succumbed to an adder's poison
             ... on level 2 of the Dungeon.
             The game lasted 00:02:05 (460 turns).

Ijustatesigmund the Sneak (Kobold Assassin)          Turns: 460, Time: 00:02:06

Health: 0/18       AC:  3    Str:  8    XL:     2   Next: 75%
Magic:  2/2        EV: 14    Int: 12    God:
Gold:   28         SH:  0    Dex: 16    Spells: 1/1 levels left

rFire    . . .     SeeInvis .   a - +2 dagger
rCold    . . .     Gourm    .   (shield restricted)
rNeg     . . .     Faith    .   c - +0 robe
rPois    .         Spirit   .   (no helmet)
rElec    .         Reflect  .   d - +0 cloak
rCorr    .         Harm     .   (no gloves)
MR       .....     Rnd*Tele +   (no boots)
Stlth    +++.......             (no amulet)
Regen    0.1/turn               j - ring of teleportation (curse)
MPRegen  0.1/turn               (no ring)

@: lethally poisoned (0 -> -7)
A: carnivore 3
a: no special abilities


You were on level 2 of the Dungeon.
You were very full.

You visited 1 branch of the dungeon, and saw 2 of its levels.

You collected 28 gold pieces.

Inventory:

Hand Weapons
 a - a +2 dagger (weapon)
 b - a +0 blowgun
Missiles
 e - 8 poisoned needles
 f - 2 curare-tipped needles
 h - 7 needles of sleeping
Armour
 c - a +0 robe (worn)
 d - a +0 cloak (worn)
Jewellery
 j - a cursed ring of teleportation (left hand)
Scrolls
 m - a scroll of identify
Comestibles
 g - a meat ration
 i - a royal jelly


   Skills:
 + Level 2.9 Fighting
 + Level 3.4 Short Blades
 - Level 2.1 Throwing
 - Level 1.2 Dodging
 - Level 5.3 Stealth


You had one spell level left.
You didn't know any spells.

Dungeon Overview and Level Annotations

Branches:
Dungeon (2/15)

Altars:
Dithmenos
Makhleb
Qazlal
Ru
Trog
Yredelemnul
Zin


Innate Abilities, Weirdness & Mutations

You are small and have problems with some larger weapons.
You are carnivorous and can eat meat at any time.


Message History

You are lethally poisoned!
The adder poisons you! The kobold closely misses you. The ooze hits you.
* * * LOW HITPOINT WARNING * * *
You hit the adder.
The adder is moderately wounded.
* * * LOW HITPOINT WARNING * * *
You feel sick. The adder bites you but does no damage. The kobold hits you.
* * * LOW HITPOINT WARNING * * *
As you read the scroll labeled FIT UPUCAMUKH, it crumbles to dust.
You assume a fearsome visage.
The kobold looks frightened!
The ooze looks frightened!
The adder looks frightened!
It was a scroll of fear.
The ooze jiggles.
* * * LOW HITPOINT WARNING * * *
You feel sick.
You aren't carrying any potions.
You don't have any unidentified items.
There is a lethal amount of poison in your body!
* * * LOW HITPOINT WARNING * * *
You feel sick.
You die...

..............%...._...
.......?......S.._.....
....K......J†..........
.............#.._..8.._
####..............?[...
####............._..._.
...............)..._...
................#.....
.......@........# ....
###.............# ...
................#
................#
................#
................#
.......##########
.......


You could see an ooze (fleeing), an adder (fleeing) and a kobold (fleeing).

Vanquished Creatures
  A dart slug (D:1)
  A leopard gecko (D:1)
  A bat (D:1)
  5 goblins
  A hobgoblin (D:1)
  3 rats
12 creatures vanquished.

Notes
Turn   | Place    | Note
-------+----------+-------------------------------------------
     0 | D:1      | Ijustatesigmund the Kobold Assassin began the quest for the Orb.
     0 | D:1      | Reached XP level 1. HP: 12/12 MP: 1/1
   117 | D:1      | Reached XP level 2. HP: 14/18 MP: 2/2
   408 | D:2      | Found a shadowy altar of Dithmenos.
   408 | D:2      | Found a glowing silver altar of Zin.
   408 | D:2      | Found a burning altar of Makhleb.
   409 | D:2      | Found a sacrificial altar of Ru.
   409 | D:2      | Found a basalt altar of Yredelemnul.
   409 | D:2      | Found a stormy altar of Qazlal.
   409 | D:2      | Found a bloodstained altar of Trog.
   460 | D:2      | Succumbed to an adder's poison

Skill      XL: |  1 |
---------------+----+-----
Short Blades   | 3 |  3.4
Fighting       | |  2.9
Throwing       | |  2.1
Dodging        | |  1.2
Stealth        | |  5.3

Action                   || total
-------------------------++-------
Melee: Dagger            ||    63
  Use: Scroll            ||     2
       Potion            ||     1
 Stab: Sleeping          ||     1
  Eat: Chunk             ||     5
Armor: Robe              ||    11
Dodge: Dodged            ||    36
